 Dungeon Crawl Stone Soup version 0.30.1-4-g462c640d31 (webtiles) character file.

Game seed: 8892846765791828955

66271 monsoonserge the Eclecticist (level 15, -4/109 HPs)
             Began as a Djinni Fire Elementalist on Sept 4, 2023.
             Was a High Priest of Elyvilon.
             Slain by an apocalypse crab (7 damage)
             ... on level 3 of the Lair of Beasts.
             The game lasted 02:18:36 (21591 turns).

monsoonserge the Eclecticist (DjFE)                Turns: 21591, Time: 02:18:36

Health: -4/109     AC: -1    Str:  9    XL:     15   Next: 61%
Gold:   3997       EV: 14    Int: 33    God:    Elyvilon [*****.] SH:  0 Dex: 18

rFire   + + .        O - +3 dire flail "Vifofin" {freeze, +Blink rC+}
rCold   + + +        (shield currently unavailable)
rNeg    . . .        u - +4 skin of Zhor {*Englaciate rC+++ SInv}
rPois   ∞            U - +2 hat {SInv}
rElec   .            Z - +0 cloak {rCorr}
rCorr   +            n - +0 pair of gloves {Dex+3}
SInv    +            (boots unavailable)
Will    ++...        E - amulet of regeneration
Stlth   ++           H - ring of Xom's Full Attention {rC+ Str+2 Int+4}
HPRegen 1.18/turn    w - ring "Kopaole" {Will+ Int+6}
MPRegen 0.00/turn

%: infuse magic (-5 HP)
@: corroded, immotile, flying, hasted, studying Fighting, very quick
A: sickness immunity, fire resistance 2, cold vulnerability 1, float, innate
caster, HP casting, extra vitality 1
a: Renounce Religion, Evoke Blink, Purification, Heal Other, Heal Self, Divine
Vigour


You were on level 3 of the Lair of Beasts.
You worshipped Elyvilon.
Elyvilon was extremely pleased with you.
You visited 5 branches of the dungeon, and saw 21 of its levels.
You also visited: Bailey and Ice Cave.

You collected 4382 gold pieces.
You spent 385 gold pieces at shops.

Inventory:

Hand Weapons
 l - a +2 long sword of electrocution
 B - the +4 trident of Teul {venom, Int+3}
   (You bought it in a shop on level 2 of the Orcish Mines)

   Int:       It affects your intelligence (+3).
 D - a +4 great sword of freezing
 O - the +3 dire flail "Vifofin" (weapon) {freeze, +Blink rC+}
   (You took it off an ogre on level 5 of the Dungeon)

   rC:        It protects you from cold.
   +Blink:    It lets you blink.
 P - the +6 arbalest "Damnation" {damnation}
   (You found it on level 5 of the Lair of Beasts)

   Elyvilon disapproves of the use of such an item.
 S - a +3 dagger of venom
 X - the +4 sling of Doom {heavy, rF+ Str+3}
   (You found it on level 9 of the Dungeon)

   Str:       It affects your strength (+3).
   rF:        It protects you from fire.
Missiles
 e - 4 silver boomerangs
 z - 7 curare-tipped darts
 I - 61 poisoned darts
 W - 10 boomerangs (quivered)
Armour
 n - a +0 pair of gloves of dexterity (worn)
 u - the +4 skin of Zhor (worn) {*Englaciate rC+++ SInv}
   (You found it in an ice cave)

   *Englaciate: It radiates cold, occasionally slowing all nearby creatures who
   are not resistant to cold.
   rC:        It renders you almost immune to cold.
   SInv:      It lets you see invisible.
 N - a +0 buckler
 U - a +2 hat of see invisible (worn)
 Z - a +0 cloak of preservation (worn)
Magical Staves
 h - a staff of air
Jewellery
 w - the ring "Kopaole" (right hand) {Will+ Int+6}
   (You found it in an ice cave)

   [ring of intelligence]

   Int:       It affects your intelligence (+6).
   Will:      It increases your willpower.
 E - an amulet of regeneration (around neck)
 H - the ring of Xom's Full Attention (left hand) {rC+ Str+2 Int+4}
   (You found it on level 3 of the Lair of Beasts)

   [ring of protection from cold]

   Str:       It affects your strength (+2).
   Int:       It affects your intelligence (+4).
   rC:        It protects you from cold.
 J - the ring of Goucoen {Wiz Will+ Str+2}
   (You found it in an ice cave)

   [ring of wizardry]

   It improves your spell success rate.
   Str:       It affects your strength (+2).
   Will:      It increases your willpower.
Wands
 m - a wand of flame (55)
 M - a wand of iceblast (13)
 Q - a wand of digging (5)
 V - a wand of acid (15)
 Y - a wand of paralysis (5)
Scrolls
 a - 3 scrolls of immolation
 b - 2 scrolls of magic mapping
 c - a scroll of amnesia {unknown}
 d - 2 scrolls of noise {unknown}
 f - 5 scrolls of fog {unknown}
 i - 8 scrolls of teleportation
 j - a scroll of fear {unknown}
 o - 2 scrolls of poison
 q - 4 scrolls of vulnerability
 r - 4 scrolls of enchant weapon
 v - 4 scrolls of silence
 y - 4 scrolls of enchant armour
 R - 2 scrolls of blinking
 T - a scroll of brand weapon
Potions
 g - 6 potions of heal wounds
 p - 2 potions of lignification
 s - 3 potions of mutation
 t - 6 potions of curing {unknown}
 x - a potion of haste
 A - 2 potions of invisibility
 C - a potion of cancellation
 F - 4 potions of brilliance
 G - 2 potions of attraction
 L - 3 potions of ambrosia
Miscellaneous
 K - a condenser vane


   Skills:
 * Level 10.4 Fighting
 + Level 0.3 Maces & Flails
 + Level 0.5 Throwing
 + Level 5.1 Armour
 + Level 3.9 Dodging
 + Level 2.8 Stealth
 * Level 17.4 Spellcasting
 * Level 8.1 Invocations
 * Level 5.9 Evocations


You knew the following spells:

 Your Spells              Type           Power      Damage    Failure   Level
a - Foxfire               Conj/Fire      100%       2x1d9     0%          1
b - Scorch                Fire           100%       2d9       0%          2
c - Volatile Blastmotes   Fire/Tloc      100%       2d18      0%          3
d - Inner Flame           Hex/Fire       97%        N/A       0%          3
e - Flame Wave            Conj/Fire      97%        2d20      0%          4
f - Freeze                Ice            100%       1d10      0%          1
g - Momentum Strike       Conj/Tloc      100%       3d10      0%          2
h - Gell's Gravitas       Tloc           97%        N/A       0%          3
i - Swiftness             Air            97%        N/A       0%          3
j - Metabolic Englaciati  Hex/Ice        48%        N/A       1%          5
k - Yara's Violent Unrav  Hex/Tmut       48%        3d19      1%          5
l - Conjure Ball Lightni  Conj/Air       48%        3x3d17    1%          6
Your spell library was empty.

Dungeon Overview and Level Annotations

Branches:
Dungeon (12/15)            Temple (1/1) D:7            Lair (5/5) D:8
  Swamp (0/4) Lair:3        Snake (0/4) Lair:3        Slime (0/5) Lair:5
    Orc (2/2) D:11            Elf (1/3) Orc:2        Bailey (visited)
  IceCv (visited)

Altars:
Ashenzari
Cheibriados
Dithmenos
Elyvilon
Fedhas
Gozag
Hepliaklqana
Makhleb
Nemelex Xobeh
Okawaru
Qazlal
Ru
Trog
Uskayaw
Wu Jian
Xom
Yredelemnul
Zin
The Shining One
Jiyva

Shops:
D:8 *   Orc:2 :[**(

Portals:
Abyss: Lair:3

Annotations:
Lair:3 1 transporter, Ebla's ghost, journeyman VSFE
Lair:4 1 runed translucent door, Juirae's ghost, journeyman TrMo
Lair:5 2 runed translucent doors


Innate Abilities, Weirdness & Mutations

You are immune to sickness and miasma.
You are immune to poison.
Your flesh is very heat resistant. (rF++)
You are vulnerable to cold. (rC-)
You float through the air rather than walking.
You learn spells naturally, not from books.
Your magical power is your life essence.
You have superior vitality. (+4 MHP)


Message History

Unknown command.
Casting: Momentum Strike (safe; 0% risk of failure)
Confirm with . or Enter, or press ? or * to list all spells.
Okay, then.
Casting: Momentum Strike (safe; 0% risk of failure)
Confirm with . or Enter, or press ? or * to list all spells.
Aiming: Gell's Gravitas (safe; 0% risk of failure)
Press: ? - help, Dir - move target, p - rust devil Gravity reorients around empty space.
The rust devil collides with the apocalypse crab!
You kill the rust devil!
The ancient zyme collides with the apocalypse crab!
The apocalypse crab is lightly wounded.
The ancient zyme is lightly damaged.
A moth of wrath comes into view.
Casting: Gell's Gravitas (safe; 0% risk of failure)
Confirm with . or Enter, or press ? or * to list all spells.
Aiming: Gell's Gravitas (safe; 0% risk of failure)
Press: ? - help, Dir - move target, f - ancient zyme
Aim: an ancient zyme (lightly damaged) Gravity reorients around the ancient zyme.
The apocalypse crab collides with the ancient zyme!
The ancient zyme is heavily damaged.
The apocalypse crab is lightly wounded.
The apocalypse crab closely misses you. The apocalypse crab claws you!
* * * LOW HITPOINT WARNING * * *
You feel yourself speed up.
You are healed.
The ancient zyme hits you!
* * * LOW HITPOINT WARNING * * *
The ancient zyme hits you!
* * * LOW HITPOINT WARNING * * *
The apocalypse crab closely misses you. The apocalypse crab claws you!
* * * LOW HITPOINT WARNING * * *
The apocalypse crab freezes you. You resist.
* * * LOW HITPOINT WARNING * * *
You are healed.
The ancient zyme hits you!
* * * LOW HITPOINT WARNING * * *
The ancient zyme hits you!
* * * LOW HITPOINT WARNING * * *
The apocalypse crab closely misses you. The apocalypse crab claws you!
You die...

.................................
....###.......####...............
...##.###...###).#...............
...#.##.#..##...##...............
...##...####.##.#................
....## #..©...#.##...............
.....##.##...###.##..............
......#$.....##W$$#..............
....###...###y.t@##..............
...##..x###.##)x##....P........#.
...#x..##....#†.##....#..........
...#..##...###...##.............#
...##§##..##..###.#.........##.#.
....#..#.©#4...u.##..#........###
....#C##..##∩.####...........##
....###....####©..........####
............##...........)#####


You could see an ancient zyme, an apocalypse crab, a moth of wrath and Ebla's
ghost.

Vanquished Creatures
  Gastronok (D:8)
  Kirke (Lair:4)
  An orc warlord (Orc:1)
  A white draconian (IceCv)
  Snorg (Orc:1)
  2 hydras
  Fannar (D:11)
  4 boulder beetles
  A two-headed ogre (D:12)
  2 orc high priests
  A thrashing horror (Lair:3)
  4 skeletal warriors
  A bog body (Lair:3)
  4 orc knights
  3 deep elf zephyrmancers (Elf:1)
  2 lindwurms
  5 orc sorcerers
  An ugly thing (Lair:3)
  Pikel (D:7)
  4 deep elf pyromancers
  4 cyclopes
  A manticore (D:12)
  A rust devil (Lair:3)
  Maurice (D:9)
  4 black mambas
  2 molten gargoyles (Lair:5)
  2 ice statues (IceCv)
  A torpor snail (Lair:3)
  3 gargoyles
  7 cane toads
  Maggie (D:10)
  An unseen horror (D:10)
  6 rime drakes
  12 komodo dragons
  4 kobold demonologists
  6 trolls
  A polar bear (Lair:5)
  The ghost of Xrynn the Covert, a novice SpEn (D:5)
  2 hornets
  5 blink frogs (Lair:1)
  Sigmund (D:2)
  A spriggan (Lair:3)
  5 slime creatures (D:12)
  A wraith (D:10)
  A vampire (D:11)
  9 wyverns
  5 hogs (Lair:4)
  42 yaks
  Grum (D:8)
  2 vampire mosquitoes
  3 basilisks
  3 steam dragons
  Menkaure (D:6)
  14 wargs
  3 swamp worms (Lair:3)
  Edmund (D:6)
  3 hell hounds (Lair:5)
  5 water moccasins
  Duvessa (D:6)
  3 sky beasts
  A black bear (D:5)
  52 orc warriors
  4 ice beasts
  5 ogres
  22 wolves
  5 centaurs
  4 lemures (D:7)
  6 kobold brigands
  9 bullfrogs
  A gnoll sergeant (D:11)
  9 scorpions
  13 wights
  Dowan (D:6)
  3 lindwurm simulacra (IceCv)
  6 electric eels
  4 howler monkeys
  5 lava snakes (Lair:5)
  2 hounds (D:5)
  6 komodo dragon simulacra (IceCv)
  A jelly (D:5)
  17 orc priests
  7 iguanas
  26 orc wizards
  A sleepcap (D:5)
  13 gnolls
  5 acid dragon simulacra (IceCv)
  12 adders
  5 shadow imps (D:8)
  2 white imps
  2 howler monkey simulacra (D:9)
  2 ufetubi
  7 steam dragon simulacra (IceCv)
  A worm (D:2)
  2 dart slugs
  72 orcs
  12 bats
  4 endoplasms
  2 giant cockroaches
  14 goblins
  11 hobgoblins
  6 quokkas
  11 ball pythons
  4 frilled lizards
  49 kobolds
  4 rats
  3 foxfires
664 creatures vanquished.

Vanquished Creatures (collateral kills)
  6 foxfires
6 creatures vanquished.

Vanquished Creatures (others)
  15 ball lightnings
  1142 foxfires
1157 creatures vanquished.

Grand Total: 1827 creatures vanquished

Notes
Turn   | Place    | Note
-------+----------+-------------------------------------------
     0 | D:1      | monsoonserge the Djinni Fire Elementalist began the quest
                  | for the Orb.
     0 | D:1      | monsoonserge set off with the following spells memorised:
                  | Foxfire, Scorch, Volatile Blastmotes, Inner Flame, Flame
                  | Wave.
     0 | D:1      | Reached XP level 1. HP: 15/15 MP: 0/0
   203 | D:1      | Reached XP level 2. HP: 19/21 MP: 0/0
   460 | D:1      | Reached skill level 3 in Spellcasting
   565 | D:1      | Reached XP level 3. HP: 19/25 MP: 0/0
   565 | D:1      | Learned a level 1 spell: Freeze
  1024 | D:2      | Noticed Sigmund
  1034 | D:2      | Killed Sigmund
  1035 | D:2      | Reached skill level 1 in Armour
  1035 | D:2      | Reached skill level 4 in Spellcasting
  1035 | D:2      | Reached XP level 4. HP: 21/31 MP: 0/0
  1035 | D:2      | Reached XP level 5. HP: 23/35 MP: 0/0
  1035 | D:2      | Learned a level 2 spell: Momentum Strike
  1035 | D:2      | Reached XP level 6. HP: 27/40 MP: 0/0
  1960 | D:3      | Found an ornate altar of the Wu Jian Council.
  2020 | D:3      | Noticed a shadow
  2022 | D:3      | Found a shadowy altar of Dithmenos.
  2023 | D:3      | Found a hazy altar of Hepliaklqana.
  2498 | D:3      | Reached skill level 5 in Spellcasting
  2927 | D:4      | Found a blossoming altar of Fedhas.
  3087 | D:4      | Reached XP level 7. HP: 35/45 MP: 0/0
  3087 | D:4      | Learned a level 3 spell: Gell's Gravitas
  3628 | D:4      | Found a white marble altar of Elyvilon.
  3648 | D:4      | Became a worshipper of Elyvilon the Healer
  4012 | D:4      | Reached skill level 6 in Spellcasting
  4012 | D:4      | Reached XP level 8. HP: 44/50 MP: 0/0
  4298 | D:5      | Entered Level 5 of the Dungeon
  4390 | D:5      | Noticed a +0 spear
  4390 | D:5      | Noticed a +0 dagger
  4392 | D:5      | Noticed a +0 spear
  4393 | D:5      | Noticed a +0 dagger
  4393 | D:5      | Noticed a +0 short sword
  4394 | D:5      | Noticed a +0 falchion
  4394 | D:5      | Noticed a +0 falchion
  4394 | D:5      | Noticed a +0 short sword
  4396 | D:5      | Found a hide-covered altar of Uskayaw.
  4525 | D:5      | Found a glowing silver altar of Zin.
  4568 | D:5      | You are sucked into a shaft and drop 1 floor!
  4585 | D:6      | Reached skill level 7 in Spellcasting
  4683 | D:5      | Found a transporter.
  4684 | D:5      | Noticed Xrynn's ghost (novice SpEn)
  4685 | D:5      | Found a transporter.
  4685 | D:5      | Identified the +3 dire flail "Vifofin" {freeze, +Blink rC+}
  5018 | D:5      | Reached XP level 9. HP: 55/56 MP: 0/0
  5018 | D:5      | Learned a level 3 spell: Swiftness
  5066 | D:5      | Reached * piety under Elyvilon
  5552 | D:6      | Noticed Edmund
  5564 | D:6      | Killed Edmund
  5575 | D:6      | Reached skill level 8 in Spellcasting
  5636 | D:6      | Noticed Menkaure
  5641 | D:6      | Killed Menkaure
  5737 | D:6      | Noticed Dowan
  5740 | D:6      | Noticed Duvessa
  5743 | D:6      | Killed Dowan
  5746 | D:6      | Killed Duvessa
  5747 | D:6      | Reached skill level 1 in Invocations
  6470 | D:6      | Reached ** piety under Elyvilon
  6607 | D:5      | Killed Xrynn's ghost
  6608 | D:5      | Reached skill level 9 in Spellcasting
  6748 | D:7      | Noticed a hornet
  6753 | D:7      | Killed a hornet
  6778 | D:7      | Noticed Pikel
  6794 | D:7      | Killed Pikel
  6795 | D:7      | Reached skill level 1 in Evocations
  6795 | D:7      | Reached XP level 10. HP: 45/61 MP: 0/0
  6938 | D:7      | Found a flagged portal.
  6947 | Bailey   | Entered a bailey
  7024 | Bailey   | Noticed a kobold demonologist
  7152 | Bailey   | Reached skill level 10 in Spellcasting
  7282 | Bailey   | Reached skill level 5 in Armour
  7490 | Bailey   | Noticed a kobold demonologist
  7505 | Bailey   | Found an iron altar of Okawaru.
  7519 | Bailey   | Killed a kobold demonologist
  7536 | Bailey   | Killed a kobold demonologist
  7537 | Bailey   | Reached XP level 11. HP: 61/66 MP: 0/0
  7537 | Bailey   | Learned a level 5 spell: Metabolic Englaciation
  7647 | D:7      | Acquired 1061 gold pieces
  7650 | D:7      | Acquired 803 gold pieces
  7652 | D:7      | Acquired a manual of Fighting
  7720 | D:7      | Reached skill level 1 in Fighting
  7744 | D:7      | Reached skill level 11 in Spellcasting
  7905 | D:7      | Found a staircase to the Ecumenical Temple.
  7914 | Temple   | Entered the Ecumenical Temple
  8269 | D:7      | Reached *** piety under Elyvilon
  8669 | D:8      | Found a transporter.
  8742 | D:8      | Noticed Grum
  9131 | D:8      | Found a transporter.
  9170 | D:8      | Killed Grum
  9212 | D:8      | Found Geugogof's Serpentskin Sales.
  9303 | D:8      | Found a glowing golden altar of the Shining One.
  9305 | D:8      | Noticed an angel
  9314 | D:8      | Found a basalt altar of Yredelemnul.
  9317 | D:8      | Noticed a profane servitor
  9404 | D:8      | Found a staircase to the Lair.
  9489 | D:8      | Noticed Gastronok
  9508 | D:8      | Killed Gastronok
  9610 | D:8      | Reached skill level 12 in Spellcasting
  9729 | D:9      | Found an opulent altar of Gozag.
  9799 | D:9      | Noticed Maurice
  9941 | D:9      | Killed Maurice
  9942 | D:9      | Reached XP level 12. HP: 66/78 MP: 0/0
 10128 | D:9      | Identified the +4 sling of Doom {heavy, rF+ Str+3}
 10253 | D:10     | Entered Level 10 of the Dungeon
 10264 | D:10     | Noticed Maggie
 10272 | D:10     | Killed Maggie
 10311 | D:10     | Reached **** piety under Elyvilon
 10363 | D:10     | Found a broken altar of Ashenzari.
 10932 | D:11     | Reached skill level 5 in Invocations
 10976 | D:11     | Reached ***** piety under Elyvilon
 10994 | D:11     | Noticed a boulder beetle
 11008 | D:10     | Reached skill level 13 in Spellcasting
 11023 | D:10     | Killed a boulder beetle
 11292 | D:11     | Noticed Fannar
 11398 | Lair:1   | Entered Level 1 of the Lair of Beasts
 11436 | Lair:1   | Reached skill level 5 in Fighting
 11682 | Lair:1   | Reached XP level 13. HP: 53/86 MP: 0/0
 11682 | Lair:1   | Learned a level 5 spell: Yara's Violent Unravelling
 12102 | Lair:2   | Found a transporter.
 12103 | Lair:2   | Found a transporter.
 12341 | Lair:2   | Reached skill level 14 in Spellcasting
 12590 | Lair:2   | Reached ****** piety under Elyvilon
 12994 | Lair:3   | Found a staircase to the Snake Pit.
 13084 | Lair:3   | Reached skill level 5 in Evocations
 13109 | Lair:3   | Found a transporter.
 13111 | Lair:3   | Noticed Ebla's ghost (journeyman VSFE)
 13168 | Lair:3   | Identified the ring of Xom's Full Attention {rC+ Str+2
                  | Int+4}
 13265 | Lair:3   | Found a staircase to the Swamp.
 13367 | Lair:3   | Noticed an eight-headed hydra
 13382 | Lair:3   | Killed an eight-headed hydra
 13537 | Lair:3   | Found the +27 heavy crossbow "Sniper" {heavy, Acc+∞ SInv}
 13572 | Lair:3   | Found a transporter.
 13586 | Lair:3   | Found a one-way gate to the infinite horrors of the Abyss.
 13954 | Lair:4   | Noticed an eight-headed hydra
 13965 | Lair:4   | Killed an eight-headed hydra
 14231 | Lair:4   | Found a frozen archway.
 14256 | IceCv    | Entered an ice cave
 14386 | IceCv    | Reached skill level 15 in Spellcasting
 14577 | IceCv    | Noticed a white draconian
 14630 | IceCv    | Killed a white draconian
 14663 | IceCv    | Found the +4 skin of Zhor {*Englaciate rC+++ SInv}
 14709 | IceCv    | Identified the ring "Kopaole" {Will+ Int+6}
 14720 | IceCv    | Identified the ring of Goucoen {Wiz Will+ Str+2}
 15031 | Lair:4   | Found a runed translucent door.
 15033 | Lair:4   | Noticed Juirae's ghost (journeyman TrMo)
 15399 | Lair:5   | Entered Level 5 of the Lair of Beasts
 15425 | Lair:5   | Noticed Kirke
 15446 | Lair:5   | Noticed a sphinx
 15450 | Lair:4   | Reached XP level 14. HP: 53/99 MP: 0/0
 15455 | Lair:4   | Killed Kirke
 15730 | Lair:5   | Found the +6 arbalest "Damnation" {damnation}
 15880 | Lair:5   | Found a viscous altar of Jiyva.
 15880 | Lair:5   | Found a staircase to the Slime Pits.
 16130 | Lair:5   | Found a large runed translucent door.
 16130 | Lair:5   | Found a large runed translucent door.
 16564 | Lair:5   | Reached skill level 16 in Spellcasting
 17433 | D:11     | Killed Fannar
 17462 | D:11     | Found a staircase to the Orcish Mines.
 18153 | Orc:1    | Entered Level 1 of the Orcish Mines
 18855 | Orc:2    | Entered Level 2 of the Orcish Mines
 18861 | Orc:2    | Noticed an orc warlord
 18892 | Orc:2    | Found a staircase to the Elven Halls.
 18892 | Orc:2    | Found Kinimoxo's Antique Weapon Boutique.
 18969 | Orc:2    | Noticed Snorg
 18981 | Orc:1    | Killed Snorg
 19234 | Orc:1    | Killed an orc warlord
 19298 | Orc:1    | Reached XP level 15. HP: 27/106 MP: 0/0
 19298 | Orc:1    | Learned a level 6 spell: Conjure Ball Lightning
 19666 | D:12     | Found a sparkling altar of Nemelex Xobeh.
 19792 | D:11     | Reached skill level 10 in Fighting
 20438 | Orc:1    | Reached skill level 17 in Spellcasting
 20586 | Orc:2    | Found Loafykh's Book Shoppe.
 20766 | Orc:2    | Bought a translucent trident for 153 gold pieces
 20766 | Orc:2    | Identified the +4 trident of Teul {venom, Int+3} (You
                  | bought it in a shop on level 2 of the Orcish Mines)
 20877 | Orc:2    | Found Luawn's General Store.
 20880 | Orc:2    | Found Cutewergh's Assorted Antiques.
 20940 | Orc:2    | Found Giroadedgh's Antique Armour Shop.
 20958 | Orc:2    | Bought a runed cloak for 232 gold pieces
 21215 | Elf:1    | Entered Level 1 of the Elven Halls
 21265 | Elf:1    | Elyvilon protects you from harm!
 21583 | Lair:3   | HP: 4/109 [thrashing horror (10)]
 21590 | Lair:3   | HP: 3/109 [apocalypse crab (4)]
 21591 | Lair:3   | Slain by an apocalypse crab

Illustrated notes

Levels and vault maps discovered:
D:1:      evilmike_arrival_plus, layout_loops_ring
D:2:      layout_basic, uniq_sigmund
D:3:      layout_loops_ring, riverfiend_overflow_shadow_ancestor,
          mainiacjoe_overflow_paths
D:4:      old_forge, layout_loops_ring, old_standard_altar, tgw_sif,
          kennysheep_mini
D:5:      kennysheep_kobold_camp, layout_loops_ring, nicolae_uskayaw_en_pointe,
          zin_academy, gammafunk_ghost_smash
D:6:      layout_basic, uniq_menkaure, uniq_duvessa, uniq_edmund
D:7:      layout_basic, minmay_temple_entry_nine_rooms, enter_bailey_3,
          minmay_misc_feat_four_crosses, grunt_decor_resistance, uniq_pikel
D:8:      gammafunk_wand_slinger, layout_basic, grunt_temple_overflow_holy_war,
          lair_entry_dummy, guppyfry_shop_venom, uniq_gastronok, uniq_grum
D:9:      layout_cross, grunt_gozag_breadcrumbs, serial_ice, serial_ice_d,
          serial_ice_n, serial_ice_k, serial_ice_a, uniq_maurice
D:10:     layout_gridville, mainiacjoe_overflow_brackets,
          hangedman_abyss_or_decor_stabs, moated_statue, uniq_maggie
D:11:     layout_basic, minmay_orc_entry_guard_dogs, minmay_lizard_king,
          uniq_fannar
D:12:     layout_rooms, nemelex_diamond_rough_becter
Temple:   dpeg_chambers_temple
Lair:1:   layout_gridlike, grunt_forest_small_clearings
Lair:2:   gammafunk_boulding_lane, layout_regular_city, serial_bayou_shore_b,
          infiniplex_staircase_pool_2, serial_bayou_shore_a
Lair:3:   layout_hall_layers, nicolae_swamp_entry_splash_gauntlet,
          dummy_snake_entry, gammafunk_ghost_abyssal_escape,
          serial_bayou_shore_b
Lair:4:   layout_gridlike, ebering_ghost_inner_flame,
          portal_ice_cave_entry_pillars_2, grunt_megastairs_1
Lair:5:   cheibrodos_lair_end_hotspot, layout_cave_pods,
          dpeg_slime_entry_enclosed, uniq_kirke
Orc:1:    layout_caves, nooodl_orcs_dogs
Orc:2:    grunt_orc_gardens, layout_caves, grunt_orc_garden, grunt_orc_garden,
          grunt_orc_garden, grunt_orc_garden, serial_shops, shop, mines5_lemuel,
          uniq_snorg
Elf:1:    eino_elf_arrival_customs, layout_gridlike, mu_enter_wizlab_6,
          serial_glass, glass_columns_a, glass_columns_a, glass_columns_a,
          glass_columns_b, glass_columns_a, glass_columns_a, special_room
          [special_room_orc], minivault_28, lemuel_upstairs_altar

Skill      XL: |  1  2  3  4  5  6  7  8  9 10 11 12 13 14 15 |
---------------+----------------------------------------------+-----
Spellcasting   | 3 4 5 6 7 9 10 12 13 15 16 17 | 17.4
Armour         | 1 2 3 4 5 |  5.1
Stealth        | 2 |  2.8
Invocations    | 2 3 4 5 6 7 8 |  8.1
Evocations     | 1 2 3 4 5 |  5.9
Fighting       | 3 5 8 9 10 | 10.4
Dodging        | 3 |  3.9
Maces & Flails | |  0.3
Throwing       | |  0.5

Action                     |  1- 3 |  4- 6 |  7- 9 | 10-12 | 13-15 || total
---------------------------+-------+-------+-------+-------+-------++-------
  Melee: Unarmed           |     2 |       |       |       |       ||     2
         Dagger            |       |       |     2 |       |       ||     2
         Dire flail        |       |       |       |     5 |     6 ||    11
  Throw: Dart              |       |       |       |       |     4 ||     4
         Boomerang         |       |       |       |       |     1 ||     1
   Cast: Foxfire           |    40 |    16 |    43 |   247 |   309 ||   655
         Scorch            |    11 |    24 |    55 |   141 |   177 ||   408
         Volatile Blastmot |       |    22 |    76 |    70 |    31 ||   199
         Gell's Gravitas   |       |       |     5 |    12 |    14 ||    31
         Flame Wave        |       |       |     3 |    28 |    46 ||    77
         Metabolic Englaci |       |       |       |     1 |    36 ||    37
         Inner Flame       |       |       |       |     1 |       ||     1
         Yara's Violent Un |       |       |       |       |   112 ||   112
         Freeze            |       |       |       |       |    12 ||    12
         Conjure Ball Ligh |       |       |       |       |     7 ||     7
         Momentum Strike   |       |       |       |       |     2 ||     2
 Invoke: Heal Self         |       |       |       |     1 |    13 ||    14
         Heal Other        |       |       |       |     1 |       ||     1
Ability: Evoke Blink       |       |       |       |     2 |    14 ||    16
  Evoke: Wand              |       |       |       |       |     1 ||     1
    Use: Scroll            |       |       |       |    15 |    11 ||    26
 Armour: Robe              |     2 |       |       |    18 |       ||    20
         Leather armour    |     1 |       |     4 |       |       ||     5
         Ring mail         |       |       |     7 |       |       ||     7
         Troll leather arm |       |       |       |    16 |    17 ||    33
         Animal skin       |       |       |       |       |    46 ||    46
  Dodge: Dodged            |     9 |     3 |    36 |   131 |   168 ||   347
